 Dungeon Crawl Stone Soup version 0.21-a0-150-gc243083 (webtiles) character file.

62747 Duffy the Severer (level 15, 113/113 HPs)
             Began as a Formicid Artificer on July 28, 2017.
             Was the Champion of Ru.
             Quit the game on level 12 of the Dungeon.
             The game lasted 00:35:45 (29770 turns).

Duffy the Severer (Formicid Artificer)             Turns: 29770, Time: 00:35:46

Health: 113/113    AC: 26    Str: 19    XL:     15   Next: 47%
Magic:  21/21      EV:  4    Int: 11    God:    Ru [******]
Gold:   903        SH: 13    Dex: 25    Spells: 6/14 levels left

rFire    . . .     SeeInvis +   c - +14 obsidian axe {chop, +Fly SInv *Curse} (curse)
rCold    . . .     Gourm    .   Q - +0 shield
rNeg     . . .     Faith    .   H - +2 crystal plate armour
rPois    .         Spirit   .   (helmet unavailable)
rElec    .         Reflect  .   y - +0 cloak
rCorr    .         Harm     .   (no gloves)
MR       +....                  v - +0 pair of boots
Stlth    ..........             (no amulet)
HPRegen  0.28/turn              p - +4 ring of dexterity
MPRegen  0.17/turn              i - +6 ring of dexterity

@: no status effects
A: permanent stasis, dig shafts and tunnels, four strong arms, antennae 3,
inability to read while threatened, no stealth, hated by all, cowardly,
unskilled 1
a: Dig, Shaft Self, Draw Out Power, Power Leap, Apocalypse, Renounce Religion,
Evoke Flight


You were on level 12 of the Dungeon.
You worshipped Ru.
Ru was exalted by your worship.
You were not hungry.

You visited 3 branches of the dungeon, and saw 20 of its levels.
You also visited: Ice Cave.

You collected 2283 gold pieces.
You spent 1380 gold pieces at shops.

Inventory:

Hand Weapons
 c - the cursed +14 obsidian axe (weapon) {chop, +Fly SInv *Curse}
   (You bought it in a shop on level 2 of the Orcish Mines)

   It inflicts extra damage upon your enemies.
   It lets you see invisible.
   It lets you fly.
   It curses itself when equipped.
   It has a curse placed upon it.
Missiles
 C - a throwing net (quivered)
Armour
 v - a +0 pair of boots (worn)
 y - a +0 cloak (worn)
 H - a +2 crystal plate armour (worn)
 Q - a +0 shield (worn)
Jewellery
 i - a +6 ring of dexterity (right hand)
 p - a +4 ring of dexterity (left hand)
 T - an uncursed ring of protection from cold
 V - an uncursed ring of fire
Wands
 e - a wand of random effects (15/48)
 g - a wand of paralysis (0/24)
 A - a wand of iceblast (8/15)
 G - a wand of polymorph (8/24)
 I - a wand of flame (29/48)
 N - a wand of lightning (9/15)
 P - a wand of polymorph (15/24)
 U - a wand of confusion (27/48)
 W - a wand of lightning (8/15)
 Z - a wand of lightning (5/15)
Scrolls
 h - 3 scrolls of fear
 j - 10 scrolls of remove curse
 o - a scroll of immolation
 t - 4 scrolls of magic mapping
 u - 2 scrolls of fog
 w - a scroll of brand weapon
 x - 4 scrolls of recharging
 L - a scroll of vulnerability
Potions
 k - a potion of invisibility {unknown}
 m - 8 potions of might
 n - 7 potions of curing
 q - 6 potions of mutation
 r - 4 potions of resistance
 z - a potion of cancellation
 D - 2 potions of flight
 F - a potion of agility
 K - 2 potions of heal wounds
 O - a potion of degeneration {unknown}
Miscellaneous
 S - a lightning rod (4/4)
Comestibles
 a - 7 chunks of flesh
 f - 6 bread rations
 l - 9 meat rations
 B - 22 fruits


   Skills:
 + Level 9.3 Fighting
   Level 0.8 Short Blades
 * Level 15.7 Axes
 + Level 11.5 Armour
 - Level 1.5 Dodging
 - Level 10.0 Shields
 - Level 9.2 Evocations


You had 6 spell levels left.
You knew the following spells:

 Your Spells              Type           Power        Failure   Level  Hunger
a - Regeneration          Chrm/Necr      #.........   100%        3    ####...
b - Song of Slaying       Chrm           #.......     100%        2    ###....
c - Spectral Weapon       Hex/Chrm       #.......     100%        3    ####...


Dungeon Overview and Level Annotations

Branches:
Dungeon (12/15)            Temple (0/1) D:5            Lair (6/6) D:10
 Shoals (0/4) Lair:3        Snake (0/4) Lair:4        Slime (0/5) Lair:5
    Orc (2/2) D:10            Elf (0/3) Orc:2

Altars:
Ashenzari
Cheibriados
Dithmenos
Fedhas
Makhleb
Nemelex Xobeh
Ru
Sif Muna
Yredelemnul
The Shining One
Beogh
Jiyva

Shops:
Orc:2 ((((%

Portals:
Trove: D:10 (show slimy rune of Zot)


Innate Abilities, Weirdness & Mutations

You cannot be hasted, slowed, berserked, paralysed or teleported.
You can dig through walls and to a lower floor.
Your four strong arms can wield two-handed weapons with a shield.
You have a pair of large antennae on your head. (SInv)
You cannot read scrolls while threatened.
You cannot be stealthy.
You are hated by all.
Your cowardice makes you less effective in combat with threatening monsters.
You are somewhat unskilled. (-1 Apt)


Message History

You butcher the orc corpse.
a - 8 chunks of flesh (gained 2)
Things that are here:
a dagger; a robe; an orc skeleton
Things that are here:
a dagger; a robe; an orc skeleton Eating one of 8 chunks of flesh.
You eat one of the 8 chunks of flesh.
This raw flesh tastes terrible.
You now have 894 gold pieces (gained 16).
You open the door.
Found a scroll of teleportation and a scroll of blinking.
Found a trident.
You now have 903 gold pieces (gained 9).
You found a teleport trap!
Found a hand crossbow.
j - 10 scrolls of remove curse (gained 1) No target in view!
n - 7 potions of curing (gained 1)
You found a teleport trap!
Are you sure you want to abandon this character and quit the game? (Confirm with "yes".)

.......#..+......#
......#.##......###
.....#.#.........#
#####........).....#
.......8.8.8.......#
.....^.............#
###......#.....8...#
#......#...?.....#
#......#...#.8@###
#...............^.....
#....##....8.8.#######
###....#...........
.......#...........
.......'.?..........
..####.#.............
.....#.#............
8....#.#######


There were no monsters in sight!

Vanquished Creatures
  A frost giant (IceCv)
  Snorg (Lair:6)
  An ettin (Orc:2)
  A fire dragon (Lair:6)
  Fannar (Lair:1)
  2 hydras
  The ghost of wazuzu the Fighter, a novice CeHu of Ru (D:8)
  3 death yaks (Lair:6)
  5 two-headed ogres
  4 orc high priests (Orc:2)
  Nergalle (Lair:1)
  A swamp dragon (Lair:6)
  4 orc knights (Orc:2)
  An ugly thing (D:11)
  4 orc sorcerers (Orc:2)
  A manticore (D:11)
  The ghost of wazuzu the Slinger, a novice HaHu of Dithmenos (D:7)
  5 black mambas
  14 elephants
  A gargoyle (D:10)
  9 spiny frogs
  7 rime drakes
  9 komodo dragons
  13 polar bears
  2 trolls (Orc:1)
  A merfolk (Lair:3)
  Grinder (D:6)
  6 dream sheep (Lair:6)
  11 blink frogs
  11 hippogriffs
  45 yaks
  A vampire (D:10)
  A wraith (D:11)
  2 wyverns (Lair:2)
  4 basilisks
  Grum (Lair:1)
  A steam dragon (Lair:6)
  A human (D:3)
  2 nagas (Lair:4)
  A warg (Orc:1)
  A soldier ant (D:10)
  10 water moccasins
  An acid dragon (Lair:6)
  6 porcupines
  A hornet zombie (D:10)
  A swamp drake (Lair:6)
  2 ice beasts
  4 sky beasts
  23 orc warriors
  5 phantoms
  2 black bears (D:8)
  An eye of draining (D:11)
  10 ogres
  13 crocodiles
  A centaur (D:6)
  25 wolves
  A big kobold (D:11)
  13 bullfrogs
  2 wyvern zombies
  3 scorpions
  A water moccasin skeleton (D:7)
  11 wights
  6 howler monkeys
  2 electric eels
  5 crimson imps
  A centaur zombie (D:10)
  A bullfrog zombie (D:5)
  5 hounds
  7 jellies
  16 orc priests
  2 centaur skeletons
  5 bullfrog skeletons
  3 iguanas (Lair:6)
  Terence (D:2)
  9 orc wizards
  Natasha (thrice) (D:2)
  15 worker ants
  2 hound zombies
  A hound skeleton (D:9)
  11 gnolls
  15 adders
  2 shadow imps
  12 white imps (D:11)
  3 oozes
  An adder skeleton (D:9)
  An adder zombie (D:5)
  3 worms
  3 dart slugs
  3 leopard geckos
  86 orcs
  6 giant cockroaches
  8 hobgoblins
  12 jackals
  3 quokkas
  2 ball pythons
  3 bats
  8 frilled lizards
  8 goblins
  6 kobolds
  A leopard gecko skeleton (D:4)
  A leopard gecko zombie (D:5)
  A quokka zombie (D:4)
  8 rats
  A fungus (Lair:6)
  3 plants
614 creatures vanquished.

Vanquished Creatures (others)
  A blink frog (Lair:1)
  2 yaks
  An orc warrior (Orc:2)
  An ogre (Orc:1)
  A wight (D:9)
  2 orcs
  9 fungi
  9 plants
26 creatures vanquished.

Grand Total: 640 creatures vanquished

Notes
Turn   | Place    | Note
-------+----------+-------------------------------------------
     0 | D:1      | Duffy the Formicid Artificer began the quest for the Orb.
     0 | D:1      | Reached XP level 1. HP: 15/15 MP: 3/3
   428 | D:1      | Reached XP level 2. HP: 22/22 MP: 4/4
  1090 | D:2      | Reached XP level 3. HP: 28/28 MP: 5/5
  1472 | D:2      | Noticed Natasha
  1478 | D:2      | Killed Natasha
  1478 | D:2      | Reached XP level 4. HP: 28/35 MP: 5/7
  2036 | D:2      | Noticed Terence
  2074 | D:2      | Killed Terence
  2287 | D:2      | Noticed Natasha
  2331 | D:2      | Killed Natasha
  2331 | D:2      | Reached XP level 5. HP: 35/42 MP: 8/8
  2509 | D:2      | Noticed Natasha
  2533 | D:2      | Killed Natasha
  2818 | D:3      | Found a sacrificial altar of Ru.
  2849 | D:2      | Reached skill level 5 in Evocations
  2957 | D:3      | Became a worshipper of Ru the Awakened
  3005 | D:3      | Found a runed door.
  3005 | D:3      | Noticed a human
  3007 | D:3      | Found a basalt altar of Yredelemnul.
  3020 | D:3      | Reached XP level 6. HP: 49/49 MP: 9/9
  3049 | D:3      | Killed a human
  3049 | D:3      | Reached skill level 5 in Fighting
  3860 | D:4      | Reached XP level 7. HP: 36/56 MP: 10/10
  4869 | D:3      | Reached skill level 1 in Axes
  5763 | D:5      | Entered Level 5 of the Dungeon
  6095 | D:3      | Reached skill level 2 in Axes
  6095 | D:3      | Reached XP level 8. HP: 64/64 MP: 11/11
  6287 | D:4      | Gained mutation: You are hated by all. [Ru sacrifice]
  6287 | D:4      | Reached * piety under Ru
  6587 | D:5      | Reached skill level 3 in Axes
  6810 | D:5      | Found a staircase to the Ecumenical Temple.
  7070 | D:5      | Reached skill level 5 in Armour
  7195 | D:5      | Found a glowing golden altar of the Shining One.
  7393 | D:6      | Found a sparkling altar of Nemelex Xobeh.
  7666 | D:6      | Reached skill level 4 in Axes
  7700 | D:6      | Reached XP level 9. HP: 49/72 MP: 13/13
  8057 | D:6      | Reached skill level 5 in Axes
  8243 | D:6      | Found a shattered altar of Ashenzari.
  8250 | D:6      | Gained mutation: You cannot read scrolls while threatened. [Ru sacrifice]
  8250 | D:6      | Reached ** piety under Ru
  8250 | D:6      | Reached *** piety under Ru
  8265 | D:6      | Noticed Grinder
  8284 | D:6      | Killed Grinder
  8622 | D:6      | Reached skill level 6 in Axes
  8865 | D:7      | Noticed wazuzu's ghost (novice HaHu)
  8889 | D:7      | Killed wazuzu's ghost
  9263 | D:7      | Reached skill level 7 in Axes
  9655 | D:7      | Reached XP level 10. HP: 46/79 MP: 15/15
  9972 | D:8      | Noticed wazuzu's ghost (novice CeHu)
 10207 | D:8      | Killed wazuzu's ghost
 10207 | D:8      | Reached skill level 8 in Axes
 11022 | D:8      | Found a burning altar of Makhleb.
 11080 | D:8      | Found a blossoming altar of Fedhas.
 11081 | D:8      | Found a deep blue altar of Sif Muna.
 11083 | D:8      | Found a snail-covered altar of Cheibriados.
 11104 | D:8      | You fall through a shaft for 2 floors!
 11104 | D:10     | Entered Level 10 of the Dungeon
 11107 | D:10     | Found a staircase to the Orcish Mines.
 11280 | D:9      | Reached skill level 9 in Axes
 11890 | D:9      | Noticed a two-headed ogre
 11909 | D:9      | Killed a two-headed ogre
 11909 | D:9      | Reached XP level 11. HP: 73/84 MP: 17/17
 12001 | D:9      | Found a shadowy altar of Dithmenos.
 12565 | D:9      | Noticed a two-headed ogre
 12575 | D:9      | Killed a two-headed ogre
 12575 | D:9      | Reached skill level 10 in Axes
 13220 | D:10     | Found a staircase to the Lair.
 13220 | D:10     | Noticed an elephant
 13255 | D:10     | Killed an elephant
 13709 | D:10     | Noticed a two-headed ogre
 13722 | D:10     | Killed a two-headed ogre
 13801 | D:10     | Learned a level 3 spell: Regeneration
 14021 | D:10     | Found a portal to a secret trove of treasure.
 14675 | D:10     | Reached skill level 11 in Axes
 15239 | D:11     | Reached skill level 10 in Armour
 15239 | D:11     | Reached XP level 12. HP: 75/91 MP: 19/19
 15480 | D:11     | Found a frozen archway.
 15550 | IceCv    | Entered an ice cave
 15566 | IceCv    | Reached skill level 10 in Evocations
 15832 | IceCv    | Reached skill level 12 in Axes
 16334 | IceCv    | Noticed a frost giant
 16362 | IceCv    | Killed a frost giant
 17184 | D:11     | Found a roughly hewn altar of Beogh.
 17650 | D:10     | Reached skill level 13 in Axes
 18553 | D:11     | Reached XP level 13. HP: 85/99 MP: 20/20
 18575 | D:11     | Gained mutation: Your cowardice makes you less effective in combat with threatening monsters. [Ru sacrifice]
 18575 | D:11     | Reached **** piety under Ru
 19341 | Lair:1   | Entered Level 1 of the Lair of Beasts
 19344 | Lair:1   | Noticed Fannar
 19360 | D:10     | Reached skill level 1 in Shields
 19582 | Lair:1   | Noticed Nergalle
 19595 | Lair:1   | Killed Nergalle
 19825 | Lair:1   | Reached skill level 14 in Axes
 20211 | Lair:1   | Noticed Grum
 20225 | Lair:1   | Killed Grum
 21034 | Lair:1   | Gained mutation: You are somewhat unskilled. (-1 Apt) [Ru sacrifice]
 21034 | Lair:1   | Reduced skill Axes to level 13
 21034 | Lair:1   | Reduced skill Armour to level 10
 21034 | Lair:1   | Reached ***** piety under Ru
 21666 | Lair:2   | Reached skill level 5 in Shields
 22114 | Lair:2   | Reached skill level 14 in Axes
 22114 | Lair:2   | Reached XP level 14. HP: 101/105 MP: 20/20
 23843 | Lair:3   | Found a staircase to the Shoals.
 24114 | Lair:4   | Gained mutation: You cannot be stealthy. [Ru sacrifice]
 24114 | Lair:4   | Reached ****** piety under Ru
 24123 | Lair:4   | Learned a level 2 spell: Song of Slaying
 24127 | Lair:4   | Learned a level 3 spell: Spectral Weapon
 24261 | Lair:4   | Found a staircase to the Snake Pit.
 25425 | Lair:5   | Found a viscous altar of Jiyva.
 25425 | Lair:5   | Found a staircase to the Slime Pits.
 25910 | Lair:6   | Entered Level 6 of the Lair of Beasts
 26243 | Lair:6   | Reached skill level 10 in Shields
 26681 | Lair:6   | Noticed Snorg
 26691 | Lair:6   | Killed Snorg
 26954 | Lair:6   | Reached skill level 15 in Axes
 27290 | Lair:6   | Reached XP level 15. HP: 88/112 MP: 21/21
 27813 | Lair:1   | Killed Fannar
 27925 | Orc:1    | Entered Level 1 of the Orcish Mines
 28026 | Orc:2    | Entered Level 2 of the Orcish Mines
 28039 | Orc:2    | Found a staircase to the Elven Halls.
 28502 | Orc:2    | Found Ykked's Food Boutique.
 29309 | Orc:2    | Found Onoi's Weapon Boutique.
 29367 | Orc:2    | Found Isod's Weapon Shoppe.
 29386 | Orc:2    | Found Qutriary's Weapon Shoppe.
 29388 | Orc:2    | Found Ommidgh Zofi's Weapon Boutique.
 29567 | Orc:2    | Bought the cursed +14 obsidian axe {chop, +Fly SInv *Curse} for 1380 gold pieces
 29770 | D:12     | Quit the game

Vault maps used:
D:1:      grunt_arrival_crossed_arrows, minmay_misc_feat_more_columns,
          serial_park_tiny_pond, minmay_misc_feat_columns, minivault_24
D:2:      uniq_terence, uniq_natasha
D:3:      old_standard_altar, grunt_ministairs_14, minmay_strange_pillars,
          kennysheep_big_empty_room, dk_yredelemnul_ordeal
D:4:      first_bread, st_stairs_5, minivault_4
D:5:      minmay_temple_entry_poolview, nicolae_tso_swordbearing_angel
D:6:      nemelex_xobeh_ov_fountains_minmay, overflow_temple_1_default,
          uniq_grinder
D:8:      nicolae_overflow_hidden_temple
D:9:      nicolae_dithmenos_the_darkroom, hangedman_abyss_or_decor_slice
D:10:     david_lair_generic, orc_0_dummy, enter_trove_0
D:11:     portal_ice_cave_entry_imps, blue_anna_alchemist
D:12:     serial_column_ruins, column_ruins_columns_straight,
          column_ruins_open_small, column_ruins_columns_dead_end,
          column_ruins_open_tiny, column_ruins_columns_corner,
          serial_bayou_pond_e, hangedman_abyss_or_decor_stagger, uniq_urug
Lair:1:   grunt_megastairs_1, lemuel_fruit_fields, uniq_nergalle, uniq_grum,
          uniq_fannar
Lair:3:   elwin_shoals_entry_rooms
Lair:4:   guppyfry_snake_entry_island, minivault_24
Lair:5:   dpeg_slime_entry_enclosed_altar
Lair:6:   guppyfry_lair_end_dragon, infiniplex_staircase_pool,
          grunt_megastairs_3, uniq_snorg
Orc:2:    st_orc_elflike, serial_shops, shop
IceCv:    ice_cave_small_giant

Skill      XL: |  1  2  3  4  5  6  7  8  9 10 11 12 13 14 15 |
---------------+----------------------------------------------+-----
Fighting       | 2 3 4 5 6 7 8 8 9 |  9.3
Evocations     | 4 5 7 8 9 10 9 |  9.2
Armour         | 2 4 5 6 8 10 11 10 11 | 11.5
Axes           | 2 4 7 9 11 13 14 15 | 15.7
Shields        | 5 10 | 10.0
Short Blades   | 0 |  0.8
Stealth        | 0 |  0.0
Dodging        | |  1.5

Action                   |  1- 3 |  4- 6 |  7- 9 | 10-12 | 13-15 || total
-------------------------+-------+-------+-------+-------+-------++-------
Melee: Short sword       |    82 |   323 |    81 |       |       ||   486
       Hand axe          |       |       |   307 |   582 |       ||   889
       War axe           |       |       |   111 |   162 |   258 ||   531
       Battleaxe         |       |       |       |   214 |   922 ||  1136
       Great mace        |       |       |       |       |     3 ||     3
       Broad axe         |       |       |       |       |    26 ||    26
Invok: Sacrifice Love    |       |       |     1 |       |       ||     1
       Sacrifice Words   |       |       |     1 |       |       ||     1
       Reject Sacrifices |       |       |       |     1 |       ||     1
       Sacrifice Courage |       |       |       |       |     1 ||     1
       Sacrifice Skill   |       |       |       |       |     1 ||     1
       Sacrifice Stealth |       |       |       |       |     1 ||     1
 Abil: Dig               |     1 |     2 |     9 |    16 |    14 ||    42
Evoke: Wand              |       |       |    10 |    20 |    18 ||    48
       Phial of floods   |       |       |       |     1 |       ||     1
  Use: Scroll            |     1 |     3 |     6 |     5 |    11 ||    26
       Potion            |       |       |     3 |     3 |       ||     6
 Stab: Distracted        |       |       |     1 |     1 |    16 ||    18
       Paralysed         |       |       |       |    63 |    27 ||    90
       Invisible         |       |       |       |     8 |    18 ||    26
       Petrified         |       |       |       |     4 |       ||     4
       Petrifying        |       |       |       |     1 |       ||     1
       Confused          |       |       |       |       |     3 ||     3
  Eat: Chunk             |     1 |     9 |     9 |    18 |    18 ||    55
       Royal jelly       |       |       |     2 |       |     5 ||     7
       Fruit             |       |       |     3 |       |    14 ||    17
       Bread ration      |       |       |     1 |     3 |     1 ||     5
Armor: Chain mail        |    30 |   108 |   230 |    46 |       ||   414
       Leather armour    |     4 |       |       |       |       ||     4
       Ring mail         |       |       |       |    80 |       ||    80
       Crystal plate arm |       |       |       |   413 |   523 ||   936
       Skin              |       |       |       |    19 |       ||    19
Dodge: Dodged            |    27 |    75 |   169 |   275 |   105 ||   651
Block: Shield            |       |       |       |       |   384 ||   384
